[Event "Titled Tuesday Blitz April 25 Late 2023"]
[White "Bortnyk, Olexandr"]
[Black "Anton Guijarro, David"]
[WhiteFideId "14120828"]
[BlackFideId "2285525"]
[WhiteElo "2734"]
[BlackElo "2618"]
[Result "1-0"]
[Round "09"]
[TimeControl "180+2"]
[Date "2023.04.25"]
[WhiteClock "0:00:01"]
[BlackClock "0:00:01"]

1. d4 Nf6 2. Nc3 d5 3. Bf4 e6 4. Nb5 Bd6 5. Nxd6+ cxd6 6. e3 O-O 7. Nf3 Nc6 8. h3 Re8 9. c3 h6 10. Bh2 a6 11. Be2 e5 12. O-O Bf5 13. Qb3 Qc7 14. a4 Rad8 15. Qa3 Na5 16. Rac1 Nc4 17. Bxc4 dxc4 18. Rfe1 Bd3 19. b3 e4 20. Nd2 b5 21. b4 Nd5 22. Ra1 f5 23. Nf1 g5 24. Ng3 Qf7 25. axb5 axb5 26. Qa7 Rd7 27. Qa6 f4 28. Nf1 Nxc3 29. Qc6 Rf8 30. exf4 gxf4 31. Nd2 e3 32. fxe3 fxe3 33. Rxe3 Qf2+ 34. Kh1 Rg7 35. Rxd3 cxd3 36. Bxd6 Rf6 37. Rf1 Qxf1+ 38. Nxf1 Rxf1+ 39. Kh2 d2 40. Be5 d1=Q 41. Bxg7 Kxg7 42. Qc7+ Rf7 43. Qxc3 Qh5 44. d5+ Kh7 45. d6 Qf5 46. Qc6 Qf4+ 47. Kh1 1-0


[Site "https://www.chess.com"]

[Event "Titled Tuesday Blitz April 25 Late 2023"]
[White "Caruana, Fabiano"]
[Black "Rozen, Eytan"]
[WhiteFideId "2020009"]
[BlackFideId "2816750"]
[WhiteElo "2837"]
[BlackElo "2451"]
[Result "1-0"]
[Round "09"]
[TimeControl "180+2"]
[Date "2023.04.25"]
[WhiteClock "0:00:08"]
[BlackClock "0:00:04"]

1. d4 Nf6 2. c4 e6 3. Nc3 d5 4. cxd5 exd5 5. Bg5 Bb4 6. e3 h6 7. Bh4 g5 8. Bg3 h5 9. Be5 Nc6 10. Bb5 Bd7 11. Bxc6 Bxc6 12. Ne2 Bb5 13. Qb3 a5 14. a3 Bc4 15. Qa4+ b5 16. Qc2 Bxc3+ 17. Nxc3 a4 18. Qf5 Ra6 19. Qxg5 Rg8 20. Qf5 Qd7 21. Qxd7+ Kxd7 22. Rg1 Ng4 23. Bg3 Rh6 24. O-O-O h4 25. Bf4 Re6 26. Rd2 Nf6 27. h3 Nh5 28. Bh2 Reg6 29. f3 Ng3 30. Rf2 f5 31. Rd1 f4 32. e4 c6 33. Bxg3 Rxg3 34. Rdd2 dxe4 35. Nxe4 R3g6 36. Kc2 Bd5 37. Kc3 Re8 38. Rde2 Kc7 39. Nc5 Rf8 40. Re7+ Kb6 41. Kb4 Rb8 42. Nd7+ Kc7 43. Ne5+ Kd6 44. Nxg6 Rg8 45. Nxf4 Kxe7 46. Nxd5+ cxd5 47. Kc5 Ke6 48. Re2+ Kf5 49. Kxd5 Rc8 50. Kd6 Rd8+ 51. Kc5 Kf4 52. d5 Rc8+ 53. Kxb5 Rb8+ 54. Kxa4 Rd8 55. b4 Rxd5 56. b5 Rd4+ 57. Ka5 Rd5 58. a4 Kg3 59. Ka6 Rd4 60. a5 Rd1 61. b6 Kh2 62. b7 Rb1 63. Ka7 Kh1 64. a6 Ra1 65. b8=Q Rc1 66. Qb2 Rf1 67. Kb6 Rg1 68. a7 Rf1 69. a8=Q Rg1 70. f4 Rxg2 71. Qxg2# 1-0


[Site "https://www.chess.com"]

[Event "Titled Tuesday Blitz April 25 Late 2023"]
[White "Rustemov, Alexander"]
[Black "Deac, Bogdan-Daniel"]
[WhiteFideId "4119002"]
[BlackFideId "1226380"]
[WhiteElo "2525"]
[BlackElo "2649"]
[Result "0-1"]
[Round "09"]
[TimeControl "180+2"]
[Date "2023.04.25"]
[WhiteClock "0:00:06"]
[BlackClock "0:00:06"]

1. d4 Nf6 2. c4 e6 3. Nf3 b6 4. a3 Bb7 5. Nc3 g6 6. Bf4 Bg7 7. e3 d6 8. h3 Nbd7 9. Be2 O-O 10. Qc2 Qe7 11. O-O h6 12. Rfd1 Ne8 13. b4 g5 14. Bg3 f5 15. c5 bxc5 16. dxc5 dxc5 17. Rac1 cxb4 18. axb4 Nb6 19. Nb5 Be4 20. Qc5 Rf7 21. Nd2 Bd5 22. Bh5 f4 23. Bxf7+ Qxf7 24. Bh2 c6 25. Nd4 e5 26. e4 exd4 27. exd5 cxd5 28. Nf3 Nf6 29. Nxd4 Ne4 30. Qc6 Rc8 31. Qxc8+ Nxc8 32. Rxc8+ Kh7 33. f3 Qb7 34. Rcc1 Qxb4 35. fxe4 Bxd4+ 36. Kh1 dxe4 37. Rc7+ Kg6 38. Rd7 Be5 39. Bg1 e3 40. R1d5 Qe4 41. Rd1 e2 42. Re1 f3 43. Bf2 fxg2+ 44. Kg1 Qf4 45. Kxg2 Qh2+ 46. Kf3 Qxh3+ 47. Kxe2 Qxd7 0-1


[Site "https://www.chess.com"]

[Event "Titled Tuesday Blitz April 25 Late 2023"]
[White "Bortnyk, Mykola"]
[Black "Sviridov, Valery"]
[WhiteFideId "14120836"]
[BlackFideId "4120680"]
[WhiteElo "2582"]
[BlackElo "2457"]
[Result "0-1"]
[Round "09"]
[TimeControl "180+2"]
[Date "2023.04.25"]
[WhiteClock "0:00:03"]
[BlackClock "0:00:29"]

1. e4 Nf6 2. e5 Nd5 3. d4 d6 4. c4 Nb6 5. f4 dxe5 6. fxe5 Nc6 7. Be3 Bf5 8. Nc3 e6 9. Nf3 Qd7 10. Be2 O-O-O 11. O-O Bg4 12. c5 Nd5 13. Nxd5 Qxd5 14. h3 Bh5 15. Qa4 f6 16. Rad1 Be7 17. Bc4 Qd7 18. d5 exd5 19. Rxd5 Qxd5 20. Bxd5 Rxd5 21. Qe4 Rd7 22. e6 Rdd8 23. b4 Bg6 24. Qg4 a6 25. a4 Rd5 26. b5 Ne5 27. Nxe5 Rxe5 28. Bf2 a5 29. Qc4 Rd8 30. Qc3 Kb8 31. b6 cxb6 32. cxb6 Rc8 33. Qd2 Rd8 34. Qb2 Ka8 35. Rc1 Rxe6 36. Qb5 Bb4 37. Bg3 Be4 38. Bc7 Rde8 39. Qh5 Bc6 40. Qf7 R6e7 41. Qh5 Re2 42. Rxc6 bxc6 43. Qxh7 R2e7 44. Qg6 Kb7 45. h4 Bc5+ 46. Kh2 Ra8 47. h5 Bxb6 48. Bd6 Rd7 49. Bg3 Bc7 50. Qb1+ Kc8 51. Qc2 Bxg3+ 52. Kxg3 Kc7 53. Kh4 Rb8 54. g4 Rb4 55. Qh2+ Kb7 56. Qe2 f5 57. Kg5 fxg4 58. Qe6 Rc7 59. Qd6 Rxa4 60. Qg3 Rb4 61. Kg6 Kb6 62. Qe3+ c5 63. Qc3 a4 64. Kh7 Ra7 65. Qe5 a3 66. Qd6+ Kb5 67. Qd3+ Ka5 68. Qc3 Kb6 69. Qa1 a2 70. h6 gxh6+ 71. Kxh6 Rb1 72. Qf6+ Kb5 73. Qe5 a1=Q 74. Qe8+ Kb4 75. Qe4+ c4 0-1


[Site "https://www.chess.com"]

[Event "Titled Tuesday Blitz April 25 Late 2023"]
[White "Weetik, Vjacheslav"]
[Black "Svane, Rasmus"]
[WhiteFideId "4153472"]
[BlackFideId "4657101"]
[WhiteElo "2469"]
[BlackElo "2597"]
[Result "0-1"]
[Round "09"]
[TimeControl "180+2"]
[Date "2023.04.25"]
[WhiteClock "0:00:04"]
[BlackClock "0:00:09"]

1. d4 Nf6 2. Bf4 d5 3. e3 c5 4. c3 Nc6 5. Nd2 Bf5 6. Ngf3 e6 7. Nh4 Be4 8. Qb3 Qd7 9. f3 Bg6 10. Nxg6 hxg6 11. g4 cxd4 12. exd4 Bd6 13. Bxd6 Qxd6 14. O-O-O O-O-O 15. Bb5 Rh3 16. Qa4 a6 17. Bf1 Rh4 18. Nb3 Nd7 19. Nd2 Nb6 20. Qb3 Na5 21. Qc2 Rxh2 22. Rxh2 Qxh2 23. Bd3 Rh8 24. b4 Nac4 25. Bxc4 Nxc4 26. Qd3 Qf4 27. Kb1 Qe3 28. Qxe3 Nxe3 29. Re1 Ng2 30. Rc1 b5 31. Nb3 Rh3 32. Nc5 Rxf3 33. Nxa6 f5 34. g5 f4 35. Rh1 Re3 36. Rh8+ Kd7 37. Nc5+ Ke7 38. Rh7 f3 39. Rxg7+ Kf8 40. Rxg6 Ke7 41. Rf6 Nh4 42. a4 Nf5 0-1


[Site "https://www.chess.com"]

[Event "Titled Tuesday Blitz April 25 Late 2023"]
[White "Grigoriants, Sergey"]
[Black "Pakleza, Zbigniew"]
[WhiteFideId "4130804"]
[BlackFideId "1119290"]
[WhiteElo "2502"]
[BlackElo "2410"]
[Result "1-0"]
[Round "09"]
[TimeControl "180+2"]
[Date "2023.04.25"]
[WhiteClock "0:00:08"]
[BlackClock "0:00:01"]

1. d4 d6 2. e4 Nf6 3. Nc3 c6 4. Nf3 Bg4 5. h3 Bh5 6. g4 Bg6 7. Bd3 e6 8. Qe2 d5 9. Bd2 Be7 10. O-O-O dxe4 11. Nxe4 Nbd7 12. Kb1 Nxe4 13. Bxe4 Bxe4 14. Qxe4 Nf6 15. Qe2 Qd5 16. Rhe1 b5 17. Ne5 O-O 18. f4 Rfe8 19. h4 Nd7 20. Nf3 a5 21. h5 a4 22. g5 Nf8 23. Bc1 b4 24. Ne5 Rec8 25. Qd3 b3 26. c4 bxa2+ 27. Ka1 Qa5 28. f5 a3 29. b3 Bb4 30. Rf1 Ra7 31. Kxa2 Bd6 32. g6 Bxe5 33. dxe5 hxg6 34. hxg6 Qxe5 35. Rde1 Qc7 36. Qh3 1-0


[Site "https://www.chess.com"]

[Event "Titled Tuesday Blitz April 25 Late 2023"]
[White "Durarbayli, Vasif"]
[Black "Nasuta, Grzegorz"]
[WhiteFideId "13402935"]
[BlackFideId "1141686"]
[WhiteElo "2551"]
[BlackElo "2449"]
[Result "0-1"]
[Round "09"]
[TimeControl "180+2"]
[Date "2023.04.25"]
[WhiteClock "0:00:02"]
[BlackClock "0:00:12"]

1. e4 e5 2. Nc3 Nf6 3. d4 exd4 4. Qxd4 Nc6 5. Qd3 Bb4 6. Bd2 O-O 7. O-O-O Re8 8. Nge2 b5 9. Bg5 Be7 10. f4 b4 11. Nd5 Nxd5 12. exd5 b3 13. Qxb3 Rb8 14. Bxe7 Qxe7 15. Qc3 Nb4 16. Kb1 Bb7 17. d6 cxd6 18. Nd4 Nd5 19. Qd2 Qf6 20. Bc4 Ne3 21. Bb3 Bxg2 22. Rhg1 Nxd1 23. Rxg2 Ne3 24. Rf2 Nc4 25. Bxc4 Qxd4 0-1


[Site "https://www.chess.com"]

[Event "Titled Tuesday Blitz April 25 Late 2023"]
[White "Piesik, Piotr"]
[Black "Zhigalko, Sergei"]
[WhiteFideId "1136194"]
[BlackFideId "13502956"]
[WhiteElo "2299"]
[BlackElo "2626"]
[Result "0-1"]
[Round "09"]
[TimeControl "180+2"]
[Date "2023.04.25"]
[WhiteClock "0:00:35"]
[BlackClock "0:00:04"]

1. e4 c5 2. Nf3 Nc6 3. Bb5 Nf6 4. Qe2 g6 5. O-O Bg7 6. Bxc6 dxc6 7. d3 O-O 8. h3 Nd7 9. Nc3 e5 10. Be3 Re8 11. Nd2 b6 12. f4 exf4 13. Bxf4 Ba6 14. Qf3 Qe7 15. Qg3 c4 16. Nf3 cxd3 17. Bd6 Qd8 18. Ng5 Ne5 19. Bxe5 Rxe5 20. Nxf7 Qd4+ 21. Kh1 Re7 22. Ng5 dxc2 23. Rfc1 Qd3 24. Qf2 Rf8 25. Nf3 Bxc3 26. bxc3 Qxe4 27. Rxc2 Bc4 28. Re1 Qxe1+ 0-1


[Site "https://www.chess.com"]

[Event "Titled Tuesday Blitz April 25 Late 2023"]
[White "Ismagilov, Damir"]
[Black "Donchenko, Alexander"]
[WhiteFideId "34199982"]
[BlackFideId "24603295"]
[WhiteElo "2078"]
[BlackElo "2542"]
[Result "0-1"]
[Round "09"]
[TimeControl "180+2"]
[Date "2023.04.25"]
[WhiteClock "0:00:01"]
[BlackClock "0:01:21"]

1. d4 Nf6 2. Nf3 d5 3. Bg5 Ne4 4. Bf4 c5 5. e3 Nc6 6. Nbd2 Nxd2 7. Qxd2 Bg4 8. Ne5 Nxe5 9. Bxe5 f6 10. Bg3 e6 11. f3 Bf5 12. Bd3 Bxd3 13. Qxd3 Qb6 14. O-O Be7 15. c4 dxc4 16. Qxc4 cxd4 17. exd4 Kf7 18. Bf2 Rac8 19. Qa4 Qc6 20. Qb3 Qd5 21. Qxd5 exd5 22. Rfc1 h5 23. Kf1 Ke6 24. Ke2 Rc4 25. b3 Rc6 26. Rxc6+ bxc6 27. Kd3 g5 28. h3 Bd6 29. Rc1 Kd7 30. Rh1 Rg8 31. g4 h4 32. Re1 Rf8 33. Be3 a5 34. Bd2 a4 35. bxa4 Ra8 36. a5 Bc7 37. Rc1 Bxa5 38. Bxa5 Rxa5 39. Rc2 Ra3+ 40. Ke2 Kd6 41. Rb2 Kc7 42. Rc2 Ra4 43. Ke3 Rb4 44. Kd3 Rb1 45. Rh2 Rd1+ 46. Ke3 Kd6 47. f4 gxf4+ 48. Kxf4 Rxd4+ 49. Kf5 Ke7 50. Rc2 Kd6 51. Kxf6 Rd3 52. g5 Rf3+ 53. Kg6 Rxh3 54. Kh5 d4 55. g6 Rg3 56. a4 d3 57. Ra2 h3 58. a5 Rg2 59. Ra1 h2 60. g7 Rxg7 61. Rh1 Rg2 62. a6 Kc7 63. a7 Kb7 64. Ra1 Ka8 65. Rb1 Rg1 0-1


[Site "https://www.chess.com"]

[Event "Titled Tuesday Blitz April 25 Late 2023"]
[White "Andreikin, Dmitry"]
[Black "Oro, Faustino"]
[WhiteFideId "4158814"]
[BlackFideId "20000197"]
[WhiteElo "2736"]
[BlackElo "1984"]
[Result "1-0"]
[Round "09"]
[TimeControl "180+2"]
[Date "2023.04.25"]
[WhiteClock "0:01:09"]
[BlackClock "0:00:08"]

1. e4 e5 2. f4 d5 3. exd5 exf4 4. Nf3 Nf6 5. Bc4 Nxd5 6. O-O Be7 7. d4 O-O 8. Bxd5 Qxd5 9. Bxf4 Qd8 10. Nc3 Bg4 11. Qd3 Nc6 12. Ne5 Nxe5 13. Bxe5 f6 14. Bf4 Kh8 15. Rae1 c6 16. Kh1 Qd7 17. d5 cxd5 18. Nxd5 Bc5 19. b4 Bb6 20. Re7 Qc6 21. Bh6 Rg8 22. Nxf6 1-0


[Site "https://www.chess.com"]

[Event "Titled Tuesday Blitz April 25 Late 2023"]
[White "Bilych, Olexiy"]
[Black "Hambleton, Aman"]
[WhiteFideId "14156504"]
[BlackFideId "2606577"]
[WhiteElo "2320"]
[BlackElo "2511"]
[Result "1-0"]
[Round "09"]
[TimeControl "180+2"]
[Date "2023.04.25"]
[WhiteClock "0:00:49"]
[BlackClock "0:00:01"]

1. d4 e5 2. dxe5 Nc6 3. Nf3 Qe7 4. Qd5 f6 5. exf6 Nxf6 6. Qb3 d5 7. e3 Qf7 8. Be2 Bd6 9. c4 dxc4 10. Bxc4 Qg6 11. O-O Bh3 12. Bf7+ Qxf7 13. Qxf7+ Kxf7 14. Ng5+ Ke7 15. Nxh3 Ng4 16. f3 Nxh2 17. Rd1 Bg3 18. Nc3 Rad8 19. Bd2 h5 20. Ne4 h4 21. Be1 g5 22. Nexg5 Rdg8 23. Bc3 Rh5 24. Rd5 Ne5 25. Bxe5 1-0


[Site "https://www.chess.com"]

[Event "Titled Tuesday Blitz April 25 Late 2023"]
[White "Larino Nieto, David"]
[Black "Holt, Conrad"]
[WhiteFideId "2256444"]
[BlackFideId "2034387"]
[WhiteElo "2506"]
[BlackElo "2592"]
[Result "1-0"]
[Round "09"]
[TimeControl "180+2"]
[Date "2023.04.25"]
[WhiteClock "0:00:09"]
[BlackClock "0:00:01"]

1. a3 d5 2. e3 e5 3. c3 f5 4. b3 Nf6 5. d3 c5 6. Ra2 Nc6 7. f3 d4 8. cxd4 exd4 9. e4 Bd6 10. g3 O-O 11. Bg2 f4 12. Bxf4 Bxf4 13. gxf4 Nh5 14. f5 Nf4 15. Rf2 Qh4 16. Kf1 Ne5 17. Rd2 g6 18. Ne2 gxf5 19. Nxf4 Qxf4 20. Rf2 b6 21. Qd2 Qxd2 22. Rxd2 Ba6 23. Ke2 Rae8 24. Rg1 Kh8 25. a4 Rg8 26. Na3 fxe4 27. fxe4 Nf3 28. Kxf3 Ref8+ 29. Ke2 Bc8 30. Ke1 Rf6 31. Nc4 Rfg6 32. Ne5 R6g7 33. Rf1 Be6 34. Bf3 Bxb3 35. Bd1 Be6 36. Rdf2 Bh3 37. Nf7+ Rxf7 38. Rxf7 Bxf1 39. Kxf1 a6 40. Rb7 Rg6 41. Bb3 Rf6+ 42. Ke2 h5 43. h4 Rf4 44. Rxb6 Rxh4 45. Rxa6 Rh2+ 46. Kf3 Rh3+ 47. Ke2 Rh2+ 48. Kf1 Kg7 49. Bc4 h4 50. a5 Rh1+ 51. Kg2 Ra1 52. Kh3 Rh1+ 53. Kg2 Ra1 54. e5 Kf8 55. Ra7 Ke8 56. a6 Kd8 57. e6 Re1 58. Rd7+ Kc8 59. a7 h3+ 60. Kxh3 Re3+ 61. Kg4 Rg3+ 62. Kf5 Rg5+ 63. Kf6 Rf5+ 64. Ke7 Rf7+ 65. Kd6 Rxd7+ 66. exd7+ Kb7 67. a8=Q+ Kb6 68. d8=Q# 1-0


[Site "https://www.chess.com"]

[Event "Titled Tuesday Blitz April 25 Late 2023"]
[White "Bryakin, Mikhail"]
[Black "Ehlvest, Jaan"]
[WhiteFideId "4165314"]
[BlackFideId "4500016"]
[WhiteElo "2447"]
[BlackElo "2442"]
[Result "0-1"]
[Round "09"]
[TimeControl "180+2"]
[Date "2023.04.25"]
[WhiteClock "0:00:51"]
[BlackClock "0:00:31"]

1. Nf3 d5 2. e3 Nf6 3. c4 e6 4. b3 b6 5. Bb2 Bb7 6. cxd5 exd5 7. Nc3 a6 8. g3 Bd6 9. Bg2 Nbd7 10. O-O Qe7 11. Ne2 g6 12. Qc2 h5 13. h3 O-O-O 14. a4 Kb8 15. a5 b5 16. d4 h4 17. g4 Nxg4 18. hxg4 h3 19. Nf4 hxg2 20. Kxg2 Nf6 21. Rh1 Nxg4 22. Nd3 Qe4 23. Ne1 Nxe3+ 24. fxe3 Qg4+ 25. Kf2 Rxh1 26. Qd3 Bg3+ 27. Ke2 Bxe1 28. Rxe1 Qg2+ 29. Kd1 Qxf3+ 30. Kd2 Rxe1 31. Kxe1 Rh8 0-1


[Site "https://www.chess.com"]

[Event "Titled Tuesday Blitz April 25 Late 2023"]
[White "Averjanov, Alexey"]
[Black "Hansen, Eric"]
[WhiteFideId "14109867"]
[BlackFideId "2606771"]
[WhiteElo "2399"]
[BlackElo "2561"]
[Result "0-1"]
[Round "09"]
[TimeControl "180+2"]
[Date "2023.04.25"]
[WhiteClock "0:02:29"]
[BlackClock "0:02:07"]

1. d4 Nf6 2. c4 e6 3. Nf3 Bb4+ 4. Nbd2 d5 5. Qc2 O-O 6. g3 c5 7. dxc5 Bxc5 8. a3 b6 9. b4 Be7 10. Bb2 Bb7 11. Bg2 a5 12. Qb3 axb4 13. axb4 Nc6 14. Rxa8 Qxa8 15. b5 Na5 16. Qa4 Nxc4 17. Nxc4 Qxa4 0-1


[Site "https://www.chess.com"]

[Event "Titled Tuesday Blitz April 25 Late 2023"]
[White "Adla, Diego"]
[Black "Quesada Perez, Yasser"]
[WhiteFideId "100072"]
[BlackFideId "3509362"]
[WhiteElo "2377"]
[BlackElo "2496"]
[Result "0-1"]
[Round "09"]
[TimeControl "180+2"]
[Date "2023.04.25"]
[WhiteClock "0:00:15"]
[BlackClock "0:00:17"]

1. c4 e5 2. g3 Nf6 3. Bg2 c6 4. d4 e4 5. Bg5 d5 6. Bxf6 Qxf6 7. Nc3 Bb4 8. e3 O-O 9. Ne2 Bg4 10. O-O Bxc3 11. bxc3 Nd7 12. h3 Bf3 13. Bxf3 exf3 14. Nf4 dxc4 15. Qxf3 Nb6 16. e4 Na4 17. Rab1 b5 18. Rfc1 a6 19. Kg2 Rad8 20. e5 Qf5 21. Qxc6 Nxc3 22. Rxc3 Qxb1 23. e6 fxe6 24. Nxe6 Qf5 25. Nxf8 Rxf8 26. f4 Qb1 27. Qd5+ Kh8 28. Re3 h6 29. Re7 Qc2+ 30. Kf3 Qd3+ 31. Kg2 c3 32. Qe5 Rg8 33. f5 c2 34. f6 c1=Q 0-1


[Site "https://www.chess.com"]

[Event "Titled Tuesday Blitz April 25 Late 2023"]
[White "Banzea, Alexandru-Bogdan"]
[Black "Indjic, Aleksandar"]
[WhiteFideId "1232622"]
[BlackFideId "911925"]
[WhiteElo "2294"]
[BlackElo "2614"]
[Result "0-1"]
[Round "09"]
[TimeControl "180+2"]
[Date "2023.04.25"]
[WhiteClock "0:00:01"]
[BlackClock "0:00:50"]

1. d4 d5 2. Nf3 Nf6 3. Bf4 c5 4. e3 Nc6 5. Nbd2 cxd4 6. exd4 Bf5 7. c3 e6 8. Qb3 Qc8 9. Nh4 Bg4 10. h3 Bh5 11. g4 Bg6 12. Nxg6 hxg6 13. Be2 Be7 14. Kf1 Qd7 15. Kg2 Bd6 16. Be3 Qc7 17. Rae1 O-O 18. Qd1 Bf4 19. Bf3 b5 20. Nb3 b4 21. Qd2 Bxe3 22. Rxe3 Qd6 23. Rhe1 Nd7 24. Nc1 bxc3 25. bxc3 Nb6 26. Be2 Na5 27. Rg3 Nac4 28. Bxc4 Nxc4 29. Qg5 Qd8 30. Qf4 Qf6 31. Qf3 Rfc8 32. Nb3 Rab8 33. Re2 a5 34. Nc5 Qxf3+ 35. Rxf3 Rb6 36. g5 Nd6 37. Rf4 Nf5 38. Kf3 Rb5 39. Kg4 Rcb8 40. h4 Rb2 41. Rxb2 Rxb2 42. h5 gxh5+ 43. Kxh5 g6+ 44. Kg4 Rxa2 45. Rf3 Kf8 46. Rh3 Ke7 47. Rh8 Rxf2 48. Ra8 Nd6 49. Ra7+ Kf8 50. Nd7+ Kg7 51. Nf6 Ne4 52. Ne8+ Kf8 53. Ra8 Ke7 54. Nc7 Rg2+ 55. Kf4 Rxg5 56. Ra7 Rf5+ 57. Ke3 Kf8 58. Ra8+ Kg7 59. Ne8+ Kh6 60. Nc7 g5 61. Rxa5 g4 62. Ra8 Rf3+ 63. Ke2 Nxc3+ 64. Kd2 Ne4+ 0-1


[Site "https://www.chess.com"]

[Event "Titled Tuesday Blitz April 25 Late 2023"]
[White "Bartel, Mateusz"]
[Black "Bruedigam, Martin"]
[WhiteFideId "1112635"]
[BlackFideId "24608033"]
[WhiteElo "2521"]
[BlackElo "2331"]
[Result "1-0"]
[Round "09"]
[TimeControl "180+2"]
[Date "2023.04.25"]
[WhiteClock "0:00:09"]
[BlackClock "0:00:07"]

1. f4 d5 2. Nf3 Bg4 3. Ne5 Bf5 4. e3 Nd7 5. Be2 Nxe5 6. fxe5 e6 7. O-O Ne7 8. d4 Bg6 9. Nd2 Nf5 10. Nf3 Nh4 11. c4 Nxf3+ 12. gxf3 c6 13. Qb3 Qb6 14. Bd2 Be7 15. Qc3 dxc4 16. Bxc4 Rd8 17. b4 Qc7 18. Rf2 a6 19. a3 Bg5 20. Kh1 Qe7 21. Rg1 Bh6 22. Rfg2 Rd7 23. Be1 Rd8 24. Bf2 Ra8 25. Be2 a5 26. b5 O-O 27. b6 a4 28. e4 Qd8 29. Qc5 Bf4 30. Rg4 Bd2 31. Bd3 Ba5 32. Rb1 Bh5 33. Rg3 Bd2 34. Be2 Bf4 35. Rg2 Bg5 36. Rbg1 Be7 37. Rxg7+ Kh8 38. Qc1 Bg6 39. Qh6 Rg8 40. R1xg6 1-0


[Site "https://www.chess.com"]

[Event "Titled Tuesday Blitz April 25 Late 2023"]
[White "Mekhitarian, Krikor Sevag"]
[Black "Lewicki, Miroslaw"]
[WhiteFideId "2107660"]
[BlackFideId "1113380"]
[WhiteElo "2604"]
[BlackElo "2212"]
[Result "1-0"]
[Round "09"]
[TimeControl "180+2"]
[Date "2023.04.25"]
[WhiteClock "0:01:16"]
[BlackClock "0:00:52"]

1. Nf3 c5 2. c4 Nf6 3. Nc3 e6 4. g3 d5 5. cxd5 Nxd5 6. Bg2 Be7 7. O-O O-O 8. d4 Nxc3 9. bxc3 Bf6 10. Ba3 Na6 11. e3 Qa5 12. Qb3 Rd8 13. Rfd1 Bd7 14. Qb2 Ba4 15. Rdc1 b5 16. dxc5 b4 17. Bxb4 Nxb4 18. Qxb4 Qxb4 19. cxb4 Bxa1 20. Rxa1 a5 21. Nd4 Rab8 22. bxa5 Rdc8 23. a6 1-0


[Site "https://www.chess.com"]

[Event "Titled Tuesday Blitz April 25 Late 2023"]
[White "Schnaider, Ilan"]
[Black "Baskakov, Egor"]
[WhiteFideId "169013"]
[BlackFideId "24197866"]
[WhiteElo "2224"]
[BlackElo "2212"]
[Result "1-0"]
[Round "09"]
[TimeControl "180+2"]
[Date "2023.04.25"]
[WhiteClock "0:01:31"]
[BlackClock "0:02:21"]

1. e4 c5 2. Nf3 Nf6 3. e5 Nd5 4. d4 cxd4 5. Qxd4 e6 6. Bd3 Nc6 7. Qg4 f5 8. exf6 Nxf6 9. Qg3 g6 10. Bxg6+ hxg6 11. Qxg6+ Ke7 12. Bg5 Qa5+ 13. Nc3 Qf5 14. Qxf5 exf5 15. Nd5+ Ke6 16. Bxf6 Rh6 17. O-O-O Rxf6 18. Ng5+ Kd6 19. Nxf6+ Kc7 20. Kb1 1-0


[Site "https://www.chess.com"]

[Event "Titled Tuesday Blitz April 25 Late 2023"]
[White "Roebers, Eline"]
[Black "Leitao, Rafael"]
[WhiteFideId "1058401"]
[BlackFideId "2101246"]
[WhiteElo "2356"]
[BlackElo "2609"]
[Result "0-1"]
[Round "09"]
[TimeControl "180+2"]
[Date "2023.04.25"]
[WhiteClock "0:00:06"]
[BlackClock "0:00:13"]

1. e4 e5 2. Nf3 Nc6 3. Nc3 Nf6 4. a3 d6 5. d4 exd4 6. Nxd4 Be7 7. Be2 O-O 8. O-O Nxd4 9. Qxd4 Re8 10. f4 c6 11. Kh1 Nd7 12. Bf3 Nc5 13. Rd1 Qc7 14. Be3 b6 15. e5 d5 16. Qd2 Bf5 17. Ne2 Ne4 18. Qe1 Bg6 19. Nd4 c5 20. Ne2 Rad8 21. c3 f6 22. exf6 Bxf6 23. Qg1 Kh8 24. Re1 Re7 25. Rad1 Red7 26. Nc1 d4 27. Bxd4 cxd4 28. Bxe4 dxc3 29. Rxd7 Qxd7 30. bxc3 Bxc3 31. Re2 Bh5 32. Rc2 Bd4 33. Qf1 Bc5 34. Bf3 Bg6 35. Re2 Qc7 36. Qe1 Qxf4 37. Nb3 Bxa3 38. Nd2 Bb4 39. Re4 Bxe4 0-1


[Site "https://www.chess.com"]

[Event "Titled Tuesday Blitz April 25 Late 2023"]
[White "Mortazavi, Ali"]
[Black "Goltsev, Dmitry"]
[WhiteFideId "401323"]
[BlackFideId "24176710"]
[WhiteElo "2339"]
[BlackElo "2336"]
[Result "0-1"]
[Round "09"]
[TimeControl "180+2"]
[Date "2023.04.25"]
[WhiteClock "0:00:04"]
[BlackClock "0:00:42"]

1. Nf3 d5 2. g3 c6 3. Bg2 Nf6 4. O-O g6 5. d3 Bg7 6. Nbd2 O-O 7. e4 dxe4 8. dxe4 Nbd7 9. e5 Ng4 10. e6 fxe6 11. Ng5 Nde5 12. Qe2 h6 13. Nge4 Qd4 14. Nb3 Qc4 15. Qd1 a5 16. h3 Nf6 17. Nbd2 Qd4 18. c3 Qd3 19. Re1 b6 20. f4 Nxe4 21. Nxe4 Qxd1 22. Rxd1 Nc4 23. b3 Nd6 24. Nxd6 exd6 25. Bxc6 Bxc3 26. Rb1 Rb8 27. Rxd6 Bb4 28. Rd1 Bc5+ 29. Kg2 Ba6 30. Bb2 g5 31. Be5 Rbd8 32. h4 gxh4 33. gxh4 Kf7 34. Kf3 Bd3 0-1


[Site "https://www.chess.com"]

[Event "Titled Tuesday Blitz April 25 Late 2023"]
[White "Sieciechowicz, Marcin"]
[Black "Shapiro, Viktor"]
[WhiteFideId "1130170"]
[BlackFideId "4175700"]
[WhiteElo "2302"]
[BlackElo "2152"]
[Result "1-0"]
[Round "09"]
[TimeControl "180+2"]
[Date "2023.04.25"]
[WhiteClock "0:00:39"]
[BlackClock "0:00:01"]

1. d4 Nf6 2. Bf4 c5 3. e3 e6 4. c3 Qb6 5. Qb3 Nc6 6. Nd2 d5 7. Ngf3 c4 8. Qc2 Bd7 9. e4 Be7 10. Be2 Rc8 11. e5 Nh5 12. Be3 g6 13. g4 Ng7 14. Bh6 Bf8 15. h4 Qd8 16. Nf1 f6 17. Qd2 fxe5 18. dxe5 Qe7 19. Ng3 b5 20. Bg5 Qc5 21. Bf6 b4 22. h5 bxc3 23. bxc3 gxh5 24. Nxh5 Rg8 25. Qh6 Qa3 26. Kf1 Qxc3 27. Re1 Nxh5 28. Qxh5+ Rg6 29. Nh4 Bb4 30. Rd1 Qc2 31. Qxh7 Ne7 32. Bxe7 1-0


[Site "https://www.chess.com"]

[Event "Titled Tuesday Blitz April 25 Late 2023"]
[White "Gritsenko, Nikolai"]
[Black "Silva, Miguel Antonio Neto"]
[WhiteFideId "14112493"]
[BlackFideId "1911929"]
[WhiteElo "2389"]
[BlackElo "2223"]
[Result "1-0"]
[Round "09"]
[TimeControl "180+2"]
[Date "2023.04.25"]
[WhiteClock "0:00:16"]
[BlackClock "0:00:19"]

1. d4 d5 2. Bg5 c6 3. e3 Qb6 4. Qc1 Bf5 5. Nf3 Nd7 6. c4 e6 7. Nc3 Ngf6 8. c5 Qd8 9. h3 Be7 10. Be2 Ne4 11. Bxe7 Qxe7 12. O-O O-O 13. b4 e5 14. Re1 a6 15. a4 Bg6 16. b5 axb5 17. axb5 exd4 18. exd4 Rxa1 19. Qxa1 Nxc3 20. Qxc3 Ra8 21. bxc6 bxc6 22. Ba6 Qf6 23. Bb7 Rb8 24. Qa5 Rxb7 25. Re8+ Nf8 26. Rxf8+ Kxf8 27. Qa8+ Ke7 28. Qxb7+ Ke8 29. Ne5 Bf5 30. Qxc6+ Qxc6 31. Nxc6 f6 32. Nb4 Be6 33. f4 Kd7 34. Kf2 g5 35. Kf3 h5 36. g4 hxg4+ 37. hxg4 Kc7 38. Kg3 Bf7 39. Kf3 Kb7 40. f5 Kc7 41. Ke3 Bg8 42. Kd3 Bf7 43. Kc3 Kb7 44. Kb3 Kc7 45. Ka4 Be8+ 46. Ka5 Bf7 47. Kb5 Be8+ 48. c6 Kd6 49. Kb6 1-0


[Site "https://www.chess.com"]